 Dungeon Crawl Stone Soup version 0.30-a0-913-g9934a0ce24 (webtiles) character file.

Game seed: 8101733306721076989

140 MudFish the Sneak (level 5, 0/38 HPs)
             Began as a Merfolk Brigand on Feb 13, 2023.
             Succumbed to a water moccasin's poison
             ... on level 6 of the Dungeon on Mar 19, 2023.
             The game lasted 00:04:43 (2078 turns).

MudFish the Sneak (Merfolk Brigand)                 Turns: 2078, Time: 00:04:43

Health: 0/38       AC:  3    Str: 12    XL:     5   Next: 23%
Magic:  5/5        EV: 13    Int: 10    God:
Gold:   93         SH:  0    Dex: 17    Spells: 4/4 levels left

rFire   . . .      SeeInvis .    j - +0 spear
rCold   . . .      Faith    .    (no shield)
rNeg    . . .      Spirit   .    b - +0 robe
rPois   .          Reflect  .    (no helmet)
rElec   .          Rampage  .    c - +0 cloak
rCorr   .                        (no gloves)
Will    .....                    (no boots)
Stlth   +++                      (no amulet)
HPRegen 0.26/turn                (no ring)
MPRegen 0.09/turn                (no ring)

@: lethally poisoned (0 -> -21)
A: (nimble swimmer 2), mertail
a: no special abilities


You were on level 6 of the Dungeon.
You visited 1 branch of the dungeon, and saw 4 of its levels.

You collected 93 gold pieces.

Inventory:

Hand Weapons
 a - a +2 dagger
 j - a +0 spear (weapon)
Missiles
 d - 15 poisoned darts (quivered)
 e - 3 curare-tipped darts
 h - a throwing net
Armour
 b - a +0 robe (worn)
 c - a +0 cloak (worn)
Scrolls
 k - a scroll of teleportation
 l - a scroll of poison
 m - 2 scrolls of enchant armour {unknown}
Potions
 f - a potion of degeneration
 g - 2 potions of curing
 i - a potion of heal wounds


   Skills:
 - Level 2.2 Fighting
 - Level 2.4 Short Blades
 * Level 3.3 Polearms
 - Level 2.0 Throwing
 * Level 3.8 Dodging
 + Level 5.5 Stealth


You had 4 spell levels left.
You didn't know any spells.
Your spell library contained the following spells:

 Spells                   Type           Power      Damage    Failure   Level
 Apportation              Tloc           0%         N/A       36%         1
 Necrotise                Necr           0%         1d4       36%         1
 Shock                    Conj/Air       0%         1d3       36%         1
 Summon Small Mammal      Summ           0%         N/A       36%         1
 Swiftness                Air            0%         N/A       75%         3
 Airstrike                Air            0%         2d(0-16)  98%         4


Dungeon Overview and Level Annotations

Branches:
Dungeon (3/15)

Altars:


Innate Abilities, Weirdness & Mutations

((You are very nimble when in or above water. (Stealth+, EV+, Speed+++)))
Your lower body shifts to a powerful aquatic tail in water.


Message History

m - 2 scrolls labelled HATIWA REXICO
Found a stone staircase leading down.
A water moccasin comes into view.
The water moccasin hisses angrily.
There is a stone staircase leading down here.
The water moccasin barely misses you.
The water moccasin attacks as you move away!
The water moccasin barely misses you.
You hit the water moccasin.
The water moccasin is lightly wounded.
The water moccasin barely misses you.
You completely miss the water moccasin.
The water moccasin is lightly wounded.
The water moccasin bites you.
You are poisoned.
The water moccasin poisons you! The water moccasin barely misses you.
You closely miss the water moccasin.
The water moccasin is lightly wounded.
You feel very sick. The water moccasin bites you!
You closely miss the water moccasin.
The water moccasin is lightly wounded.
You feel very sick. The water moccasin misses you.
The water moccasin bites you but does no damage.
You miss the water moccasin.
The water moccasin is lightly wounded.
You feel very sick. The water moccasin bites you.
You are lethally poisoned!
The water moccasin poisons you!
You miss the water moccasin.
The water moccasin is lightly wounded.
* * * LOW HITPOINT WARNING * * *
You feel very sick. The water moccasin bites you.
* * * LOW HITPOINT WARNING * * *
You closely miss the water moccasin.
The water moccasin is lightly wounded.
You die...

.......
#............##.
.......
#............##.
.......
#............##.
.......####...........#
............#.#######.#
######.>#####.# ...
##.# #.# ## #S# ..# #@#
### #.....# #######


You could see a water moccasin.

Vanquished Creatures
  A hound (D:6)
  A sleepcap (D:6)
  3 adders
  A worm (D:2)
  An orc (D:6)
  2 endoplasms
  7 goblins
  5 hobgoblins
  6 jackals
  3 quokkas
  6 ball pythons
  2 bats (D:2)
  3 frilled lizards
  5 kobolds
  2 rats (D:1)
48 creatures vanquished.

Notes
Turn   | Place    | Note
-------+----------+-------------------------------------------
     0 | D:1      | MudFish the Merfolk Brigand began the quest for the Orb.
     0 | D:1      | Reached XP level 1. HP: 16/16 MP: 1/1
   261 | D:1      | Reached XP level 2. HP: 18/22 MP: 2/2
   271 | D:1      | Reached skill level 5 in Stealth
   502 | D:1      | Found a faded altar of an unknown god.
   724 | D:2      | Reached skill level 1 in Polearms
   724 | D:2      | Reached XP level 3. HP: 16/27 MP: 3/3
  1317 | D:2      | Reached XP level 4. HP: 32/33 MP: 4/4
  1696 | D:2      | Upgraded the game from 0.30-a0-777-ga9a30cbeda to
                  | 0.30-a0-913-g9934a0ce24
  1757 | D:3      | You fall into a shaft and drop 3 floors!
  1890 | D:6      | Noticed a scorpion
  1928 | D:6      | Reached XP level 5. HP: 15/38 MP: 5/5
  2066 | D:6      | Noticed a water moccasin
  2078 | D:6      | Succumbed to a water moccasin's poison

Illustrated notes

Levels and vault maps discovered:
D:1:      grunt_arrival_crossed_arrows, layout_loops_cross,
          ebering_ecumenical_altar_petrified, kennysheep_another_room,
          minmay_misc_feat_chi
D:2:      layout_basic, kennysheep_pointless_box
D:3:      layout_basic
D:6:      layout_basic, lemuel_doored_altar, kennysheep_mini_moat,
          mainiacjoe_overflow_large_starburst, grunt_ministairs_14, uniq_sigmund

Skill      XL: |  1  2  3  4 |
---------------+-------------+-----
Stealth        | 5 |  5.5
Polearms       | 1 2 3 |  3.3
Dodging        | 2 3 |  3.8
Fighting       | |  2.2
Short Blades   | |  2.4
Throwing       | |  2.0

Action                     |  1- 3 |  4- 6 || total
---------------------------+-------+-------++-------
  Melee: Dagger            |    41 |       ||    41
         Spear             |   102 |    72 ||   174
         Punch             |       |     1 ||     1
    Use: Scroll            |     2 |     2 ||     4
         Potion            |     2 |       ||     2
   Stab: Sleeping          |    10 |     5 ||    15
         Distracted        |     1 |     1 ||     2
 Armour: Robe              |    27 |    11 ||    38
  Dodge: Dodged            |    66 |    45 ||   111

Table legend: (Time is in decaauts)
 A = Elapsed time spent in this place.
 B = Non-inter-level travel time spent in this place.
 C = Inter-level travel time spent in this place.
 D = Time resting spent in this place.
 E = Time spent auto-exploring this place.
 F = Levels seen in this place.
 G = Mean time per level.
                   A        B        C        D        E       F      G
               +--------+--------+--------+--------+--------+-----+--------+
         Total |   2071 |   2053 |     18 |    223 |   1304 |   4 |  517.8 |
       Dungeon |   2071 |   2053 |     18 |    223 |   1304 |   4 |  517.8 |
               +--------+--------+--------+--------+--------+-----+--------+

Top non-repeatable levels by time:
     D:2: 1038 daAuts
     D:1: 693 daAuts
     D:6: 318 daAuts
     D:3: 21 daAuts
